Workbook

Sheet Settings
A1: TRMNGR
A2: powered by Inkable Clothing | trmngr.com
A5: Band tour budget: settings (EXAMPLE)
A6: EXAMPLE data shown in italics/brown notes. Replace every number with your own.
A7: Cream cells are inputs. White cells with formulas update automatically.
A9: Setting | B9: Value | C9: Notes
A10: Band members splitting the net | B10: 4
A11: Van MPG | B11: 14 | C11: Loaded van with trailer gets less
A12: Gas price per gallon | B12: 3.6
A13: Merch cost of goods (% of sales) | B13: 0.4 | C13: What the merch cost you to make
A14: Food / per diem per person per day | B14: 20
A15: People on the road (incl. crew) | B15: 5
A17: Template by TRMNGR · trmngr.com · powered by Inkable Clothing

Sheet Per Show
A1: TRMNGR
A2: powered by Inkable Clothing | trmngr.com
A5: Per show (EXAMPLE)
A6: Gas = miles / MPG x price. Food = people x per diem. Net = income - costs.
A7: Cream cells are inputs. White cells with formulas update automatically.
A9: Date | B9: City | C9: Guarantee | D9: Door / % | E9: Merch sales | F9: Miles in | G9: Merch cost | H9: Gas | I9: Lodging | J9: Food | K9: Other | L9: Net
A10: Fri 10/02 | B10: Akron, OH | C10: 300 | D10: 120 | E10: 450 | F10: 40 | G10: =E10*Settings!$B$13 | H10: =F10/Settings!$B$11*Settings!$B$12 | I10: 0 | J10: =Settings!$B$15*Settings!$B$14 | K10: 0 | L10: =C10+D10+E10-G10-H10-I10-J10-K10
A11: Sat 10/03 | B11: Columbus, OH | C11: 400 | D11: 0 | E11: 600 | F11: 125 | G11: =E11*Settings!$B$13 | H11: =F11/Settings!$B$11*Settings!$B$12 | I11: 110 | J11: =Settings!$B$15*Settings!$B$14 | K11: 25 | L11: =C11+D11+E11-G11-H11-I11-J11-K11
A12: Sun 10/04 | B12: Louisville, KY | C12: 250 | D12: 180 | E12: 380 | F12: 210 | G12: =E12*Settings!$B$13 | H12: =F12/Settings!$B$11*Settings!$B$12 | I12: 95 | J12: =Settings!$B$15*Settings!$B$14 | K12: 0 | L12: =C12+D12+E12-G12-H12-I12-J12-K12
A13: Mon 10/05 | B13: Off day | C13: 0 | D13: 0 | E13: 0 | F13: 0 | G13: =E13*Settings!$B$13 | H13: =F13/Settings!$B$11*Settings!$B$12 | I13: 0 | J13: =Settings!$B$15*Settings!$B$14 | K13: 0 | L13: =C13+D13+E13-G13-H13-I13-J13-K13
A14: Tue 10/06 | B14: Nashville, TN | C14: 350 | D14: 90 | E14: 520 | F14: 175 | G14: =E14*Settings!$B$13 | H14: =F14/Settings!$B$11*Settings!$B$12 | I14: 120 | J14: =Settings!$B$15*Settings!$B$14 | K14: 15 | L14: =C14+D14+E14-G14-H14-I14-J14-K14
G15: =E15*Settings!$B$13 | H15: =F15/Settings!$B$11*Settings!$B$12 | J15: =IF(A15="","",Settings!$B$15*Settings!$B$14) | L15: =IF(A15="","",C15+D15+E15-G15-H15-N(I15)-N(J15)-N(K15))
G16: =E16*Settings!$B$13 | H16: =F16/Settings!$B$11*Settings!$B$12 | J16: =IF(A16="","",Settings!$B$15*Settings!$B$14) | L16: =IF(A16="","",C16+D16+E16-G16-H16-N(I16)-N(J16)-N(K16))
G17: =E17*Settings!$B$13 | H17: =F17/Settings!$B$11*Settings!$B$12 | J17: =IF(A17="","",Settings!$B$15*Settings!$B$14) | L17: =IF(A17="","",C17+D17+E17-G17-H17-N(I17)-N(J17)-N(K17))
G18: =E18*Settings!$B$13 | H18: =F18/Settings!$B$11*Settings!$B$12 | J18: =IF(A18="","",Settings!$B$15*Settings!$B$14) | L18: =IF(A18="","",C18+D18+E18-G18-H18-N(I18)-N(J18)-N(K18))
G19: =E19*Settings!$B$13 | H19: =F19/Settings!$B$11*Settings!$B$12 | J19: =IF(A19="","",Settings!$B$15*Settings!$B$14) | L19: =IF(A19="","",C19+D19+E19-G19-H19-N(I19)-N(J19)-N(K19))
G20: =E20*Settings!$B$13 | H20: =F20/Settings!$B$11*Settings!$B$12 | J20: =IF(A20="","",Settings!$B$15*Settings!$B$14) | L20: =IF(A20="","",C20+D20+E20-G20-H20-N(I20)-N(J20)-N(K20))
G21: =E21*Settings!$B$13 | H21: =F21/Settings!$B$11*Settings!$B$12 | J21: =IF(A21="","",Settings!$B$15*Settings!$B$14) | L21: =IF(A21="","",C21+D21+E21-G21-H21-N(I21)-N(J21)-N(K21))
G22: =E22*Settings!$B$13 | H22: =F22/Settings!$B$11*Settings!$B$12 | J22: =IF(A22="","",Settings!$B$15*Settings!$B$14) | L22: =IF(A22="","",C22+D22+E22-G22-H22-N(I22)-N(J22)-N(K22))
G23: =E23*Settings!$B$13 | H23: =F23/Settings!$B$11*Settings!$B$12 | J23: =IF(A23="","",Settings!$B$15*Settings!$B$14) | L23: =IF(A23="","",C23+D23+E23-G23-H23-N(I23)-N(J23)-N(K23))
G24: =E24*Settings!$B$13 | H24: =F24/Settings!$B$11*Settings!$B$12 | J24: =IF(A24="","",Settings!$B$15*Settings!$B$14) | L24: =IF(A24="","",C24+D24+E24-G24-H24-N(I24)-N(J24)-N(K24))
G25: =E25*Settings!$B$13 | H25: =F25/Settings!$B$11*Settings!$B$12 | J25: =IF(A25="","",Settings!$B$15*Settings!$B$14) | L25: =IF(A25="","",C25+D25+E25-G25-H25-N(I25)-N(J25)-N(K25))
G26: =E26*Settings!$B$13 | H26: =F26/Settings!$B$11*Settings!$B$12 | J26: =IF(A26="","",Settings!$B$15*Settings!$B$14) | L26: =IF(A26="","",C26+D26+E26-G26-H26-N(I26)-N(J26)-N(K26))
... G34: =E34*Settings!$B$13 | H34: =F34/Settings!$B$11*Settings!$B$12 | J34: =IF(A34="","",Settings!$B$15*Settings!$B$14) | L34: =IF(A34="","",C34+D34+E34-G34-H34-N(I34)-N(J34)-N(K34))
A35: TOTAL | C35: =SUM(C10:C34) | D35: =SUM(D10:D34) | E35: =SUM(E10:E34) | F35: =SUM(F10:F34) | G35: =SUM(G10:G34) | H35: =SUM(H10:H34) | I35: =SUM(I10:I34) | J35: =SUM(J10:J34) | ... L35: =SUM(L10:L34)
A36: Per member | L36: =L35/Settings!$B$10
A37: Add one row per date. Off days still cost food and lodging.
A39: Template by TRMNGR · trmngr.com · powered by Inkable Clothing
